 Dungeon Crawl Stone Soup version 0.21.1-1-g345015f (webtiles) character file.

49339 Monsterracer the Martial Artist (level 14, -12/119 HPs)
             Began as a Purple Draconian Venom Mage on Feb 9, 2018.
             Was the Champion of Cheibriados.
             Mangled by a tyrant leech (29 damage)
             ... on level 6 of the Lair of Beasts.
             The game lasted 00:54:44 (20123 turns).

Monsterracer the Martial Artist (DrVM)             Turns: 20123, Time: 00:54:45

Health: -12/119    AC: 24    Str: 26    XL:     14   Next: 15%
Magic:  22/22      EV: 23    Int: 36    God:    Cheibriados [******]
Gold:   1260       SH:  7    Dex: 26    Spells: 4/24 levels left

rFire    . . .     SeeInvis .     - Unarmed
rCold    . . .     Gourm    .   R - +0 buckler {AC+3}
rNeg     . . .     Faith    .   (armour unavailable)
rPois    .         Spirit   .   M - +2 hat
rElec    .         Reflect  .   e - +2 cloak
rCorr    .         Harm     .   (no gloves)
MR       ++...                  t - +2 pair of boots
Stlth    +++++.....             F - amulet of regeneration
HPRegen  0.69/turn              w - +3 ring of evasion
MPRegen  0.18/turn              s - +5 ring of protection

@: very slow
A: breathe power, unfitting armour, cold-blooded, AC +8
a: Breathe Dispelling Energy, Bend Time, Temporal Distortion, Slouch, Step From
Time, Renounce Religion


You were on level 6 of the Lair of Beasts.
You worshipped Cheibriados.
Cheibriados was exalted by your worship.
You were hungry.

You visited 3 branches of the dungeon, and saw 18 of its levels.
You also visited: Labyrinth.

You collected 1260 gold pieces.

Inventory:

Missiles
 O - 6 throwing nets (quivered)
Armour
 e - a +2 cloak (worn)
 t - a +2 pair of boots (worn)
 I - a +0 hat of magic resistance
 M - a +2 hat (worn)
 R - a +0 buckler of protection (worn)
 W - a +1 shield of protection
Magical Staves
 b - an uncursed staff of wizardry {!a}
 J - an uncursed staff of energy {!a}
Jewellery
 j - an uncursed ring of ice
 m - an uncursed ring of flight
 n - an uncursed ring of positive energy {!d}
 q - an uncursed ring of resist corrosion {!d}
 s - a +5 ring of protection (right hand)
 v - an uncursed ring of poison resistance {!d}
 w - a +3 ring of evasion (left hand)
 C - an uncursed ring of protection from magic {!d}
 F - an amulet of regeneration (around neck)
Wands
 x - a wand of acid (7)
 y - a wand of enslavement (10)
 B - a wand of scattershot (9)
 D - a wand of paralysis (13)
 E - a wand of iceblast (18)
 G - a wand of polymorph (12)
 K - a wand of digging (46)
 P - a wand of flame (40)
 S - a wand of clouds (5)
Scrolls
 d - a scroll of magic mapping {!r}
 g - 8 scrolls of remove curse
 k - 5 scrolls of teleportation
 u - 2 scrolls of amnesia
 H - a scroll of identify
 N - a scroll of blinking
 Q - 2 scrolls of fog
 U - a scroll of enchant armour
Potions
 a - 4 potions of agility
 f - 3 potions of flight
 h - 4 potions of brilliance
 i - 3 potions of might
 l - 2 potions of invisibility
 o - 2 potions of magic
 p - 4 potions of heal wounds
 r - 4 potions of resistance
 z - 4 potions of ambrosia {!q}
 A - 5 potions of curing
 L - a potion of mutation {!q}
 T - a potion of cancellation
 V - a potion of lignification
Comestibles
 c - 34 rations


   Skills:
 + Level 9.7 Fighting
 + Level 8.3 Dodging
 + Level 8.5 Stealth
 * Level 4.3 Shields
 * Level 13.4 Unarmed Combat
 + Level 5.5 Spellcasting
 - Level 5.0 Conjurations
 - Level 5.0 Air Magic
 + Level 8.3 Poison Magic
 + Level 9.3 Invocations


You had 4 spell levels left.
You knew the following spells:

 Your Spells              Type           Power        Failure   Level  Hunger
a - Poisonous Vapours     Pois/Air       ######       1%          2    None
b - Conjure Flame         Conj/Fire      ####....     4%          3    None
c - Freezing Cloud        Conj/Ice/Air   ####......   82%         6    ######.
d - Olgreb's Toxic Radia  Pois           ######..     1%          4    ##.....
i - Song of Slaying       Chrm           #.......     5%          2    None
j - Regeneration          Chrm/Necr      #.........   11%         3    None


Dungeon Overview and Level Annotations

Branches:
Dungeon (11/15)            Temple (1/1) D:5            Lair (6/6) D:11
 Shoals (0/4) Lair:2        Snake (0/4) Lair:3        Slime (0/5) Lair:5
    Orc: D:9-12

Altars:
Ashenzari
Cheibriados
Dithmenos
Elyvilon
Fedhas
Gozag
Hepliaklqana
Kikubaaqudgha
Makhleb
Nemelex Xobeh
Okawaru
Qazlal
Ru
Sif Muna
Trog
Uskayaw
Vehumet
Wu Jian
Xom
Yredelemnul
Zin
The Shining One

Shops:
D:7 *

Annotations:
Lair:1 exclusion: 5 oklob plants


Innate Abilities, Weirdness & Mutations

You can breathe bolts of dispelling energy.
Your rich purple scales are hard. (AC +8)
You cannot fit into any form of body armour.
You are cold-blooded and may be slowed by cold attacks.


Message History

The tyrant leech looks as sick as possible!
You kill the hornet!
Cheibriados thoroughly appreciates the change of pace.
The torpor snail bites you.
* * * LOW HITPOINT WARNING * * *
You block the torpor snail's attack.
You hit the torpor snail.
You kill the torpor snail!
Cheibriados appreciates the change of pace.
The torpor snail looks as sick as possible!
The tyrant leech looks as sick as possible!
The torpor snail closely misses you.
You closely miss the tyrant leech.
The tyrant leech is severely wounded.
The torpor snail looks as sick as possible!
Your toxic aura wanes.
You hit the tyrant leech but do no damage.
The tyrant leech is severely wounded.
The tyrant leech closely misses you. The torpor snail misses you.
You hit the tyrant leech but do no damage.
Your tail-slap misses the tyrant leech.
The tyrant leech is severely wounded.
The tyrant leech closely misses you. The torpor snail barely misses you.
You miss the tyrant leech.
The tyrant leech is severely wounded.
The tyrant leech misses you. The torpor snail barely misses you.
You completely miss the tyrant leech.
The tyrant leech is severely wounded.
You block the tyrant leech's attack. You block the torpor snail's attack.
The torpor snail misses you.
A hornet comes into view.
The hornet buzzes angrily.
You hit the tyrant leech but do no damage.
You tail-slap the tyrant leech, but do no damage.
The tyrant leech is severely wounded.
The tyrant leech misses you. The torpor snail completely misses you.
Casting: Olgreb's Toxic Radiance
Confirm with . or Enter, or press ? or * to list all spells.
You begin to radiate toxic energy.
The torpor snail looks as sick as possible!
The hornet is poisoned.
The torpor snail looks even sicker.
The tyrant leech looks as sick as possible!
You block the torpor snail's attack. The tyrant leech bites you!!
* * * LOW HITPOINT WARNING * * *
The tyrant leech draws strength from your injuries!
The torpor snail misses you. The torpor snail completely misses you.
You take 28 damage, and have 23/119 hp.
MASSIVE DAMAGE!!
You now have 3/22 mp.
You closely miss the tyrant leech.
The tyrant leech is severely wounded.
The hornet looks even sicker.
The torpor snail looks as sick as possible!
The tyrant leech looks as sick as possible!
The tyrant leech bites you!!
* * * LOW HITPOINT WARNING * * *
The tyrant leech draws strength from your injuries!
You take 19 damage, and have 4/119 hp.
Okay, then.
You don't have enough magic at the moment.
You feel much better.
The tyrant leech looks as sick as possible!
Your toxic aura wanes.
You kill the torpor snail!
Cheibriados appreciates the change of pace.
The hornet completely misses you. The torpor snail bites you!
* * * LOW HITPOINT WARNING * * *
The tyrant leech bites you.
* * * LOW HITPOINT WARNING * * *
The tyrant leech draws strength from your injuries!
The hornet barely misses you.
You regained 23 hp, and now have 27/119 hp.
You hit the tyrant leech but do no damage.
Your tail-slap misses the tyrant leech.
The tyrant leech is severely wounded.
You kill the hornet!
Cheibriados thoroughly appreciates the change of pace.
The tyrant leech bites you!
* * * LOW HITPOINT WARNING * * *
The tyrant leech draws strength from your injuries!
The torpor snail completely misses you.
You take 12 damage, and have 15/119 hp.
You hit the torpor snail.
The torpor snail is almost dead.
The tyrant leech closely misses you. The torpor snail completely misses you.
You punch the torpor snail!
You kill the torpor snail!
Cheibriados appreciates the change of pace.
You feel yourself speed up. You block the tyrant leech's attack.
Press: ? - help, v - describe, . - travel, g - get item
Here: a tyrant leech (heavily wounded, poisoned)
A hornet corpse.
There is something else lying underneath.
The floor.
Okay, then.
Casting: Olgreb's Toxic Radiance
Confirm with . or Enter, or press ? or * to list all spells.
Okay, then.
You don't have enough magic at the moment.
Magic courses through your body. The tyrant leech bites you!!
You die...

#... ###... #....##
....#.## #%...(.#
##......# #.w†...#
#@†..# ###### ## ##
## ##
.###.###.####.######
#....(........D....#
#..................#
#..................#
..
#.............<...#
....#
##..................#


You could see a tyrant leech.

Vanquished Creatures
  Nessos (Lair:4)
  A minotaur (Lab)
  The ghost of Xelenos the Grappler, a journeyman MiMo of Wu Jian (D:10)
  Harold (Lair:4)
  3 hydras
  A two-headed ogre (D:10)
  The ghost of shakethe the Destroyer, a journeyman TeFE of Vehumet (Lair:1)
  Sonja (Lair:4)
  4 oklob plants (Lair:3)
  11 elephants
  2 black mambas
  Psyche (D:8)
  3 torpor snails (Lair:6)
  12 spiny frogs
  6 rime drakes
  6 komodo dragons
  A troll (D:10)
  4 merfolk (Lair:2)
  A polar bear (Lair:4)
  4 hornets (Lair:6)
  Grinder (D:5)
  2 dream sheep (D:10)
  23 blink frogs
  5 hippogriffs
  A shadow (Lab)
  A wyvern (D:10)
  58 yaks
  2 basilisks
  A steam dragon (Lair:6)
  8 hungry ghosts
  2 nagas (Lair:3)
  11 porcupines
  5 water moccasins
  3 orc warriors
  2 black bears (D:11)
  2 hell hounds (Lair:1)
  An ice beast (D:11)
  A sky beast (D:10)
  An eye of draining (D:9)
  2 wolves (Lair:6)
  3 phantoms
  5 ogres
  5 centaurs
  16 crocodiles
  3 big kobolds (D:10)
  16 bullfrogs
  3 scorpions
  54 killer bees (D:9)
  13 wights
  3 howler monkeys (D:9)
  An electric eel (Lair:2)
  3 crimson imps
  A centaur zombie (D:9)
  7 jellies
  A quasit (D:9)
  A bullfrog zombie (D:5)
  A centaur skeleton (D:6)
  7 hounds
  10 orc wizards
  8 orc priests
  3 iguanas
  5 hell rats (Lair:4)
  4 worker ants
  A hound skeleton (D:11)
  Robin (D:2)
  7 gnolls
  14 adders
  2 howler monkey skeletons
  4 oozes
  2 adder skeletons
  A worm (D:3)
  3 dart slugs
  9 leopard geckos
  39 orcs
  4 giant cockroaches
  16 goblins
  7 hobgoblins
  11 jackals
  6 kobolds
  3 quokkas
  5 ball pythons
  5 bats
  8 frilled lizards
  A jackal skeleton (D:8)
  A leopard gecko skeleton (D:4)
  4 rats
  A butterfly (Lair:4)
  A plant (D:11)
526 creatures vanquished.

Vanquished Creatures (others)
  16 fungi
  27 plants
43 creatures vanquished.

Grand Total: 569 creatures vanquished

Notes
Turn   | Place    | Note
-------+----------+-------------------------------------------
     0 | D:1      | Monsterracer the Draconian Venom Mage began the quest for the Orb.
     0 | D:1      | Reached XP level 1. HP: 14/14 MP: 3/3
    87 | D:1      | Reached skill level 1 in Unarmed Combat
   323 | D:1      | HP: 6/14 [kobold/club (4)]
   328 | D:1      | HP: 5/14 [hobgoblin (2)]
   351 | D:1      | Reached XP level 2. HP: 8/20 MP: 0/5
   355 | D:1      | Learned a level 2 spell: Poisonous Vapours
   679 | D:1      | Reached skill level 2 in Unarmed Combat
  1101 | D:2      | Reached XP level 3. HP: 20/26 MP: 2/6
  1196 | D:2      | Reached skill level 3 in Unarmed Combat
  1232 | D:2      | Found a burning altar of Makhleb.
  1327 | D:2      | Reached XP level 4. HP: 33/33 MP: 5/7
  1405 | D:2      | Reached skill level 4 in Unarmed Combat
  1829 | D:3      | Noticed Robin
  2022 | D:2      | HP: 16/33 [orc priest/short sword (3)]
  2023 | D:2      | HP: 6/33 [orc priest/short sword (6)]
  2025 | D:2      | HP: 2/33 [orc priest/short sword (4)]
  2027 | D:2      | Reached XP level 5. HP: 3/38 MP: 4/8
  2321 | D:2      | HP: 18/38 [orc/falchion (3)]
  2710 | D:2      | Killed Robin
  2710 | D:2      | Reached skill level 5 in Unarmed Combat
  2953 | D:3      | Found a sacrificial altar of Ru.
  3431 | D:3      | Reached skill level 1 in Fighting
  3902 | D:4      | Found a white marble altar of Elyvilon.
  3993 | D:4      | Reached XP level 6. HP: 35/47 MP: 1/9
  4264 | D:5      | Entered Level 5 of the Dungeon
  4439 | D:4      | HP: 23/47 [gnoll (8)]
  4650 | D:5      | HP: 20/47 [gnoll (9)]
  4676 | D:5      | Found an ancient bone altar of Kikubaaqudgha.
  4997 | D:5      | Reached skill level 6 in Unarmed Combat
  5221 | D:5      | Found a glowing silver altar of Zin.
  5515 | D:5      | Found a hide-covered altar of Uskayaw.
  5695 | D:5      | Found a staircase to the Ecumenical Temple.
  5770 | Temple   | Entered the Ecumenical Temple
  5790 | Temple   | Became a worshipper of Cheibriados the Contemplative
  5952 | D:6      | Noticed Grinder
  5956 | D:5      | Your scales start taking on a rich purple colour.
  5956 | D:5      | Reached XP level 7. HP: 55/56 MP: 10/10
  5969 | D:5      | Learned a level 4 spell: Olgreb's Toxic Radiance
  6196 | D:6      | Reached skill level 1 in Invocations
  6300 | D:6      | Reached * piety under Cheibriados
  6307 | D:6      | HP: 22/56 [orc/hand axe (7)]
  6316 | D:6      | HP: 13/56 [poisoned by a worker ant]
  6620 | D:6      | HP: 28/57 [poisoned by a water moccasin]
  6625 | D:6      | HP: 26/57 [poisoned by a water moccasin]
  6630 | D:6      | HP: 24/57 [poisoned by a water moccasin]
  6635 | D:6      | HP: 23/57 [poisoned by a water moccasin]
  6641 | D:6      | HP: 22/57 [poisoned by a water moccasin]
  6650 | D:6      | HP: 22/57 [poisoned by a water moccasin]
  6656 | D:6      | HP: 22/57 [poisoned by a water moccasin]
  6662 | D:6      | HP: 22/57 [poisoned by a water moccasin]
  6668 | D:6      | HP: 22/57 [poisoned by a water moccasin]
  6883 | D:6      | Reached skill level 7 in Unarmed Combat
  7010 | D:6      | Reached XP level 8. HP: 51/63 MP: 11/11
  7047 | D:6      | HP: 29/63 [wight/enchanted war axe (3)]
  7052 | D:6      | HP: 16/64 [wight/antimagic trident (1)]
  7057 | D:6      | HP: 14/66 [wight/enchanted short sword (3)]
  7482 | D:5      | Paralysed by Grinder for 6 turns
  7485 | D:5      | HP: 31/66 [Grinder (5)]
  7661 | D:5      | Paralysed by Grinder for 7 turns
  7673 | D:5      | Killed Grinder
  7910 | D:6      | Reached ** piety under Cheibriados
  8116 | D:6      | Found a deep blue altar of Sif Muna.
  8362 | D:7      | Reached skill level 8 in Unarmed Combat
  8671 | D:7      | Noticed a hippogriff
  8685 | D:7      | Killed a hippogriff
  8685 | D:7      | Reached XP level 9. HP: 49/72 MP: 6/12
  8860 | D:7      | Found Xanol's General Store.
  9034 | D:7      | Learned a level 6 spell: Freezing Cloud
  9440 | D:8      | Noticed Psyche
  9453 | D:8      | Killed Psyche
  9453 | D:8      | Reached skill level 5 in Fighting
  9589 | D:8      | Reached skill level 5 in Poison Magic
  9683 | D:8      | Reached *** piety under Cheibriados
  9894 | D:8      | Reached skill level 9 in Unarmed Combat
 10086 | D:8      | Reached skill level 1 in Air Magic
 10132 | D:8      | Reached skill level 5 in Dodging
 10138 | D:8      | Learned a level 3 spell: Conjure Flame
 10423 | D:8      | Found a sparkling altar of Nemelex Xobeh.
 10559 | D:9      | Reached XP level 10. HP: 50/82 MP: 10/15
 10569 | D:9      | Found a shadowy altar of Dithmenos.
 10674 | D:9      | Reached **** piety under Cheibriados
 10714 | D:9      | Reached skill level 5 in Invocations
 10904 | D:9      | HP: 36/83 [killer bee (8)]
 10909 | D:9      | HP: 27/83 [poisoned by a killer bee]
 10914 | D:9      | HP: 19/83 [poisoned by a killer bee]
 10918 | D:9      | HP: 4/83 [killer bee (9)]
 11246 | D:9      | Reached ***** piety under Cheibriados
 11396 | D:9      | HP: 38/83 [yak (8)]
 11511 | D:9      | Reached skill level 10 in Unarmed Combat
 11519 | D:9      | Found a hazy altar of Hepliaklqana.
 11632 | D:9      | Reached skill level 5 in Stealth
 11721 | D:9      | Reached skill level 5 in Spellcasting
 12103 | D:9      | Reached XP level 11. HP: 91/91 MP: 18/18
 12296 | D:9      | Reached ****** piety under Cheibriados
 12441 | D:9      | Found a glowing golden altar of the Shining One.
 12660 | D:10     | Entered Level 10 of the Dungeon
 12694 | D:10     | Noticed Xelenos's ghost (journeyman MiMo)
 12989 | D:10     | Noticed a two-headed ogre
 13000 | D:10     | Killed a two-headed ogre
 13048 | D:10     | HP: 41/91 [Xelenos's ghost (10)]
 13170 | D:10     | Killed Xelenos's ghost
 13279 | D:10     | Noticed a three-headed hydra
 13290 | D:10     | Killed a three-headed hydra
 13720 | D:11     | Reached skill level 11 in Unarmed Combat
 13723 | D:11     | Found a staircase to the Lair.
 13933 | Lair:1   | Entered Level 1 of the Lair of Beasts
 14036 | Lair:1   | Noticed shakethe's ghost (journeyman TeFE)
 14061 | Lair:1   | Killed shakethe's ghost
 14061 | Lair:1   | Reached skill level 5 in Air Magic
 14077 | Lair:1   | Found a dark tunnel.
 14085 | Lair:1   | Found a labyrinth entrance.
 14094 | Lab      | Entered a labyrinth
 14168 | Lab      | Reached XP level 12. HP: 101/101 MP: 19/19
 14371 | Lab      | Noticed a minotaur
 14377 | Lab      | HP: 47/101 [minotaur/scimitar (22)]
 14380 | Lab      | HP: 21/101 [minotaur/scimitar (6)]
 14381 | Lab      | Killed a minotaur
 14413 | Lair:1   | Learned a level 3 spell: Regeneration
 14416 | Lair:1   | Learned a level 2 spell: Song of Slaying
 14572 | Lair:1   | HP: 43/101 [yak (13)]
 15200 | Lair:1   | You fall through a shaft!
 15749 | Lair:2   | Found a staircase to the Shoals.
 15750 | Lair:2   | Reached skill level 12 in Unarmed Combat
 15750 | Lair:2   | HP: 45/103 [merfolk/trident (14)]
 15758 | Lair:2   | HP: 31/103 [merfolk/trident (2)]
 15759 | Lair:2   | HP: 12/103 [merfolk/trident (19)]
 15929 | Lair:2   | Noticed a five-headed hydra
 15943 | Lair:2   | Killed a five-headed hydra
 16597 | Lair:3   | Reached XP level 13. HP: 81/110 MP: 9/20
 16676 | Lair:3   | Found a staircase to the Snake Pit.
 16849 | Lair:3   | Found a shattered altar of Ashenzari.
 17622 | Lair:4   | Reached skill level 1 in Shields
 17644 | Lair:4   | HP: 55/111 [poisoned by a spiny frog]
 17650 | Lair:4   | HP: 55/111 [poisoned by a spiny frog]
 17793 | Lair:4   | Noticed Harold
 17833 | Lair:4   | Killed Harold
 18023 | Lair:4   | Noticed Sonja
 18030 | Lair:4   | Killed Sonja
 18081 | Lair:4   | Noticed Nessos
 18091 | Lair:4   | Killed Nessos
 18518 | Lair:4   | Got a faintly glowing short sword
 18521 | Lair:4   | Identified the +8 short sword of the Trees {elec, rC+ MR+ Str+3} (You found it on level 4 of the Lair of Beasts)
 18931 | Lair:5   | Found a staircase to the Slime Pits.
 18987 | Lair:5   | Reached skill level 13 in Unarmed Combat
 19285 | Lair:5   | Reached skill level 5 in Conjurations
 19632 | Lair:6   | Entered Level 6 of the Lair of Beasts
 19714 | Lair:6   | HP: 49/111 [eight-headed hydra (8)]
 19718 | Lair:6   | Reached XP level 14. HP: 51/118 MP: 2/21
 19719 | Lair:6   | HP: 50/118 [poisoned by a spiny frog]
 19725 | Lair:6   | HP: 49/118 [poisoned by a spiny frog]
 19730 | Lair:6   | HP: 50/118 [poisoned by a spiny frog]
 19737 | Lair:6   | HP: 51/118 [poisoned by a spiny frog]
 19743 | Lair:6   | HP: 54/118 [poisoned by a spiny frog]
 19752 | Lair:6   | HP: 58/118 [poisoned by a spiny frog]
 20093 | Lair:6   | HP: 49/119 [fire dragon/blast of flame (34)]
 20098 | Lair:6   | HP: 39/119 [fire dragon (7)]
 20103 | Lair:6   | HP: 42/119 [torpor snail (1)]
 20109 | Lair:6   | HP: 46/119 [torpor snail (1)]
 20117 | Lair:6   | HP: 23/119 [tyrant leech (29)]
 20118 | Lair:6   | HP: 4/119 [tyrant leech (20)]
 20123 | Lair:6   | Mangled by a tyrant leech

Skill      XL: |  1  2  3  4  5  6  7  8  9 10 11 12 13 |
---------------+----------------------------------------+-----
Unarmed Combat | 1 2 3 4 5 6 7 8 9 10 11 12 13 | 13.4
Dodging        | 2 3 4 5 6 7 8 |  8.3
Fighting       | 1 2 3 4 5 6 7 8 9 |  9.7
Invocations    | 2 3 4 6 7 8 9 |  9.3
Stealth        | 3 4 5 6 7 8 |  8.5
Poison Magic   | 4 5 6 7 8 |  8.3
Spellcasting   | 3 5 |  5.5
Air Magic      | 1 3 5 |  5.0
Conjurations   | 3 5 |  5.0
Shields        | 4 |  4.3

Action                   |  1- 3 |  4- 6 |  7- 9 | 10-12 | 13-15 || total
-------------------------+-------+-------+-------+-------+-------++-------
Melee: Unarmed           |    58 |   300 |   410 |   564 |   339 ||  1671
       Tailslap          |     3 |    26 |    47 |   121 |    95 ||   292
       Punch             |       |     8 |    19 |    48 |    10 ||    85
 Cast: Sting             |    34 |    99 |       |       |       ||   133
       Poisonous Vapours |       |     9 |    54 |    94 |    14 ||   171
       Olgreb's Toxic Ra |       |       |       |    42 |    35 ||    77
       Conjure Flame     |       |       |       |     6 |     1 ||     7
       Regeneration      |       |       |       |       |     1 ||     1
Invok: Slouch            |       |       |       |       |     3 ||     3
 Abil: Breathe Dispellin |       |       |     6 |     2 |     2 ||    10
Evoke: Wand              |       |       |       |       |     8 ||     8
  Use: Scroll            |       |    14 |     6 |     7 |     7 ||    34
       Potion            |       |       |       |     1 |     2 ||     3
 Stab: Sleeping          |       |     1 |     2 |     8 |     3 ||    14
  Eat: Chunk             |     1 |    17 |     7 |    12 |     9 ||    46
       Ration            |       |       |     2 |     3 |       ||     5
Armor: Skin              |    20 |   107 |   117 |   206 |    96 ||   546
Dodge: Dodged            |    54 |   273 |   333 |   728 |   352 ||  1740
Block: Buckler           |       |       |       |       |    79 ||    79

Vault maps used:
D:1:      scummos_arrival_hexagon
D:2:      makhleb_heckhound_becter
D:3:      nicolae_ru_sacrificial_ziggurat, uniq_robin
D:4:      elyvilon_altar_5, first_ration, kennysheep_generic_room_16
D:5:      nicolae_overflow_hidden_temple, lemuel_coloured_pillars_altar,
          eat_drink_and_be_merry_uskayaw, minmay_temple_entry_poolview
D:6:      led_sif_pool, uniq_grinder
D:7:      serial_shops, nicolae_shop_trees
D:8:      old_standard_altar, uniq_psyche
D:9:      wad_woods_minihive, tso_altar, lemuel_round_altar,
          grunt_dithmenos_smoke_and_mirrors, enter_bailey_3
D:10:     hangedman_ranch
D:11:     due_lair_maze_entry_diamond, enter_trove_1,
          portal_ice_cave_entry_ice_beasts
Temple:   minmay_freezing_vapour_temple
Lair:1:   dpeg_oklob_gauntlet, lab_entry_generic, enter_volcano_3
Lair:2:   elwin_shoals_entry_stream, lemuel_fruit_fields,
          infiniplex_staircase_pool
Lair:3:   guppyfry_snake_entry_garden, basic_altar, minmay_lair_oklob_chamber
Lair:4:   grunt_megastairs_3, lemuel_fruit_fields, uniq_nessos, uniq_harold,
          uniq_sonja
Lair:5:   nicolae_slime_entry_slimehenge, grunt_megastairs_4,
          infiniplex_staircase_pool_2
Lair:6:   wormcave, guppyfry_lair_end_dragon, hangedman_lair_generics_rect,
          uniq_josephine
Lab:      labyrinth_spiral, nicolae_lab_stuck, nicolae_lab_diamond,
          nicolae_lab_blocks, nicolae_lab_arrow, nicolae_lab_garden,
          nicolae_lab_lava, nicolae_lab_big_swirl, nicolae_lab_dead_end,
          nicolae_lab_starburst
